 Dungeon Crawl Stone Soup version 0.27-a0-1101-ge311f74bc8 (webtiles) character file.

Game seed: 10055650339623754229

212 robertstho the Magician (level 5, -8/35 HPs)
             Began as a Djinni Fire Elementalist on Apr 28, 2021.
             Mangled by a wyvern (12 damage)
             ... on level 5 of the Dungeon.
             The game lasted 00:06:15 (4929 turns).

robertstho the Magician (Djinni Fire Elementalist)  Turns: 4929, Time: 00:06:15

Health: -8/35      AC:  3    Str:  7    XL:     5   Next: 89%
Gold:   262        EV: 16    Int: 17    God:
                   SH:  0    Dex: 14

rFire    + + +     SeeInvis .   e - +0 dagger
rCold    x x .     Faith    .   (no shield)
rNeg     . . .     Spirit   .   a - +0 robe
rPois    ∞         Reflect  .   j - +0 helmet
rElec    .         Harm     .   (no cloak)
rCorr    .         Rampage  .   (no gloves)
Will     .....                  (boots unavailable)
Stlth    ++........             (no amulet)
HPRegen  0.11/turn              c - ring of fire
MPRegen  0.00/turn              f - +4 ring of evasion

@: flying
A: fire resistance 2, cold vulnerability 1, float, innate caster, hp casting,
extra vitality 1
a: no special abilities


You were on level 5 of the Dungeon.
You visited 1 branch of the dungeon, and saw 5 of its levels.

You collected 262 gold pieces.

Inventory:

Hand Weapons
 e - a +0 dagger (weapon)
Missiles
 p - 4 curare-tipped darts
Armour
 a - a +0 robe (worn)
 j - a +0 helmet (worn)
Jewellery
 c - a ring of fire (left hand)
 f - a +4 ring of evasion (right hand)
Wands
 g - a wand of flame (49)
Scrolls
 b - a scroll of enchant weapon {unknown}
 h - 2 scrolls of teleportation {unknown}
 q - a scroll of fear
Potions
 d - 3 potions of mutation
 k - 2 potions of flight
 l - 2 potions of curing {unknown}
 n - a potion of invisibility


   Skills:
 + Level 2.4 Dodging
 + Level 2.3 Stealth
 + Level 5.1 Spellcasting


You couldn't memorise any spells.
You knew the following spells:

 Your Spells              Type           Power      Damage    Failure   Level
a - Foxfire               Conj/Fire      100%       2x1d9     1%          1
b - Conjure Flame         Conj/Fire      32%        6-21      5%          3
c - Inner Flame           Hex/Fire       32%        N/A       5%          3
d - Sticky Flame          Conj/Fire      32%        2d5       17%         4
e - Fireball              Conj/Fire      16%        3d8       43%         5
f - Apportation           Tloc           42%        N/A       1%          1
g - Static Discharge      Conj/Air       21%        N/A       2%          2
Your spell library was empty.

Dungeon Overview and Level Annotations

Branches:
Dungeon (5/15)
 Temple: D:4-7

Altars:
Gozag
Hepliaklqana

Annotations:
D:3 2 transporters


Innate Abilities, Weirdness & Mutations

You are immune to poison.
Your flesh is very heat resistant. (rF++)
You are vulnerable to cold. (rC-)
You float through the air rather than walking.
You learn spells naturally, not from books.
Your magical power is your life essence.
You have superior vitality. (+4 HP)


Message History

You feel a surge of power!
You conjure some foxfire!
Your foxfire dissipates!
Unknown command.
Casting: Foxfire (safe; 1% risk of failure)
Press: ? - help, Q - select action, (/) - cycle Dir - look around, f - activate You feel a surge of power!
There is not enough space to conjure foxfire!
Unknown command.
The foxfire hits the wyvern.
The wyvern is moderately wounded.
The foxfire hits the wyvern but does no damage.
The wyvern is moderately wounded.
The foxfire hits the wyvern.
The wyvern is heavily wounded.
The foxfire hits the wyvern but does no damage.
The wyvern is heavily wounded.
Casting: Foxfire (safe; 1% risk of failure)
Press: ? - help, Q - select action, (/) - cycle Dir - look around, f - activate You feel a surge of power!
You conjure some foxfire!
The foxfire hits the wyvern.
The wyvern is heavily wounded.
The wyvern closely misses you. The wyvern misses you.
Casting: Foxfire (safe; 1% risk of failure)
Press: ? - help, Q - select action, (/) - cycle Dir - look around, f - activate You feel a surge of power!
You conjure some foxfire!
The foxfire hits the wyvern.
The wyvern is heavily wounded.
The wyvern bites you!
Your foxfire dissipates!
The foxfire hits the wyvern but does no damage.
The wyvern is heavily wounded.
The foxfire hits the wyvern.
The wyvern is severely wounded.
The wyvern bites you!
* * * LOW HITPOINT WARNING * * *
You see here a +0 leather armour.
It was a potion of flight.
You feel more buoyant. The wyvern bites you!
You die...

######### #
###^^.....####
###............##
.#..^....^.§....###
............^##.§.#######
......^^.....##.@l.......
.........^...^###.#......
^......^..............###
......^^.......###.##.[#
.^............## .. ...
......^...^..## #.# ##
.....^..^....# .#
.......^....### ..
#......^......# ##


You could see a wyvern.

Vanquished Creatures
  2 bullfrog skeletons
  An orc wizard (D:4)
  A hound skeleton (D:5)
  2 adders (D:3)
  An adder skeleton (D:4)
  3 worms
  A dart slug (D:2)
  9 orcs
  7 bats
  12 endoplasms
  2 giant cockroaches
  4 goblins
  2 hobgoblins
  5 quokkas
  8 ball pythons
  4 frilled lizards
  3 kobolds
  8 rats
75 creatures vanquished.

Vanquished Creatures (others)
  366 foxfires
366 creatures vanquished.

Grand Total: 441 creatures vanquished

Notes
Turn   | Place    | Note
-------+----------+-------------------------------------------
     0 | D:1      | robertstho the Djinni Fire Elementalist began the quest for
                  | the Orb.
     0 | D:1      | Reached XP level 1. HP: 15/15 MP: 0/0
   406 | D:1      | Reached skill level 3 in Spellcasting
   489 | D:1      | Reached XP level 2. HP: 17/21 MP: 0/0
  1081 | D:1      | Reached XP level 3. HP: 21/25 MP: 0/0
  1081 | D:1      | Learned a level 1 spell: Apportation
  2248 | D:3      | Found a transporter.
  2344 | D:3      | Reached XP level 4. HP: 28/31 MP: 0/0
  2420 | D:3      | Reached skill level 4 in Spellcasting
  2881 | D:3      | Found a hazy altar of Hepliaklqana.
  3219 | D:3      | Found a transporter.
  3559 | D:3      | Found a faded altar of an unknown god.
  3970 | D:4      | Reached XP level 5. HP: 29/35 MP: 0/0
  3970 | D:4      | Learned a level 2 spell: Static Discharge
  4265 | D:4      | Found an opulent altar of Gozag.
  4694 | D:5      | Entered Level 5 of the Dungeon
  4803 | D:5      | Reached skill level 5 in Spellcasting
  4918 | D:5      | Noticed a wyvern
  4929 | D:5      | Mangled by a wyvern

Illustrated notes

Levels and vault maps discovered:
D:1:      dpeg_arrival_leaves_temple_mockup, layout_basic
D:2:      layout_rooms
D:3:      gammafunk_wand_slinger, layout_loops_corners,
          shapermc_ecumenical_altar_mp_vishouse, kennysheep_flooded_box,
          dk_noncrumbling_3
D:4:      layout_gridville, general_overflow_altar
D:5:      layout_rooms, nicolae_ru_path_of_blood, nemelex_diamond_rough_becter,
          minmay_holes

Skill      XL: |  1  2  3  4  5 |
---------------+----------------+-----
Spellcasting   | 3 4 5 |  5.1
Stealth        | 2 |  2.3
Dodging        | |  2.4

Action                   |  1- 3 |  4- 6 || total
-------------------------+-------+-------++-------
 Cast: Foxfire           |   100 |   115 ||   215
  Use: Scroll            |       |     5 ||     5
       Potion            |       |     1 ||     1
Armor: Robe              |     1 |     1 ||     2
Dodge: Dodged            |     9 |     4 ||    13

Table legend: (Time is in decaauts)
 A = Elapsed time spent in this place.
 B = Non-inter-level travel time spent in this place.
 C = Inter-level travel time spent in this place.
 D = Time resting spent in this place.
 E = Time spent auto-exploring this place.
 F = Levels seen in this place.
 G = Mean time per level.
                   A        B        C        D        E       F      G
               +--------+--------+--------+--------+--------+-----+--------+
         Total |   4926 |   4832 |     94 |      0 |   4421 |   5 |  985.2 |
       Dungeon |   4926 |   4832 |     94 |      0 |   4421 |   5 |  985.2 |
               +--------+--------+--------+--------+--------+-----+--------+

Top non-repeatable levels by time:
     D:3: 1421 daAuts
     D:1: 1320 daAuts
     D:4: 1107 daAuts
     D:2: 841 daAuts
     D:5: 234 daAuts
